 Dungeon Crawl Stone Soup version 0.28.0-47-ge53b351184 (webtiles) character file.

Game seed: 6974946630423334553

67 KamiKatze the Conjurer (level 4, 0/27 HPs)
             Began as an Octopode Conjurer on Apr 29, 2022.
             Slain by a scorpion (2 damage)
             ... on level 2 of the Dungeon.
             The game lasted 00:08:11 (1782 turns).

KamiKatze the Conjurer (Octopode Conjurer)          Turns: 1782, Time: 00:08:14

Health: 0/27       AC:  1    Str:  6    XL:     4   Next: 18%
Magic:  0/7        EV: 13    Int: 22    God:
Gold:   74         SH:  0    Dex: 10    Spells: 0/7 levels left

rFire   . . .      SeeInvis .   m - +0 spear
rCold   . . .      Faith    .   (no shield)
rNeg    . . .      Spirit   .   (helmet restricted)
rPois   .          Reflect  .   (no amulet)
rElec   .          Harm     .   l - ring of resist corrosion
rCorr   +          Rampage  .   (no ring)
Will    .....                   (no ring)
Stlth   +++.......              (no ring)
HPRegen 0.09/turn               (no ring)
MPRegen 0.10/turn               (no ring)
                                (no ring)
                                (no ring)

@: lethally poisoned (0 -> -14), attractive
A: almost no armour, amphibious, 8 rings, camouflage 1, gelatinous body 1,
(nimble swimmer 1), tentacles
a: no special abilities


You were on level 2 of the Dungeon.
You visited 1 branch of the dungeon, and saw 3 of its levels.

You collected 74 gold pieces.

Inventory:

Hand Weapons
 a - a +0 dagger
 m - a +0 spear (weapon)
Missiles
 b - 42 stones (quivered)
Jewellery
 l - a ring of resist corrosion (left tentacle)
Scrolls
 c - a scroll of magic mapping {unknown}
 f - a scroll of blinking {unknown}
 g - a scroll of amnesia {unknown}
 i - a scroll of vulnerability {unknown}
 j - a scroll of enchant armour {unknown}
 k - a scroll of teleportation {unknown}
Potions
 d - a potion of attraction
 e - a potion of cancellation {unknown}
 h - a potion of degeneration {unknown}


   Skills:
 + Level 2.3 Dodging
 - Level 3.0 Stealth
 * Level 2.4 Spellcasting
 * Level 4.3 Conjurations
 * Level 1.6 Hexes
 * Level 1.3 Translocations


You couldn't memorise any spells.
You knew the following spells:

 Your Spells              Type           Power      Damage    Failure   Level
a - Magic Dart            Conj           84%        1d7       2%          1
b - Searing Ray           Conj           42%        2d6       3%          2
c - Fulminant Prism       Conj/Hex       7%         3d7       36%         4

Your spell library contained the following spells:

 Spells                   Type           Power      Damage    Failure   Level
 Dazzling Flash           Conj/Hex       30%        N/A       12%         3
 Corpse Rot               Necr/Air       4%         N/A       21%         2
 Poisonous Vapours        Pois/Air       4%         N/A       21%         2
 Gell's Gravitas          Tloc           8%         N/A       22%         3
 Lesser Beckoning         Tloc           8%         N/A       22%         3
 Teleport Other           Tloc           8%         N/A       22%         3
 Iskenderun's Mystic Bla  Conj/Tloc      15%        2d5       38%         4


Dungeon Overview and Level Annotations

Branches:
Dungeon (3/15)

Altars:


Innate Abilities, Weirdness & Mutations

You cannot wear most types of armour.
You are amphibious.
You can wear up to eight rings at the same time.
Your skin changes colour to match your surroundings (Stealth+).
Your rubbery body absorbs attacks. (AC +1, EV +1)
((You are camouflaged when in or above water. (Stealth+)))
You have tentacles for arms and can constrict up to eight enemies at once.


Message History

Casting: Magic Dart (safe; 2% risk of failure)
Confirm with . or Enter, or press ? or * to list all spells.
Aiming: Searing Ray (safe; 3% risk of failure)
Press: ? - help, Shift-Dir - straight line, f/p - scorpion
Aim: a scorpion (lightly wounded, 78% to hit)
The searing ray hits the scorpion.
The scorpion is moderately wounded. (Press . to maintain the ray.)
The searing ray hits the scorpion.
The scorpion is heavily wounded.
The searing ray hits the scorpion but does no damage.
The scorpion is heavily wounded.
The scorpion stings you.
You are poisoned.
The scorpion poisons you!
The searing ray hits the scorpion.
The scorpion is severely wounded.
You finish channelling your searing ray.
You feel very sick. The scorpion stings you.
You are lethally poisoned!
The scorpion poisons you!
Casting: Searing Ray (safe; 3% risk of failure)
Confirm with . or Enter, or press ? or * to list all spells.
You don't have enough magic to cast this spell.
Unknown command.
You barely miss the scorpion. You grab the scorpion.
The scorpion is severely wounded.
You constrict the scorpion.
* * * LOW HITPOINT WARNING * * *
You feel very sick. The scorpion stings you.
* * * LOW HITPOINT WARNING * * *
It was a potion of attraction.
You feel attractive to monsters.
You constrict the scorpion.
* * * LOW HITPOINT WARNING * * *
You feel very sick. The scorpion stings you.
You die...

.. .#.....#.#
##.#.#..####.#
....#..†....#
#.###.######
#..##.#
##.##.# #.)#.#
##s#.# #.@.#
##..# #..#
#..# ##.# #>.
####


You could see a scorpion.

Vanquished Creatures
  An adder (D:2)
  2 dart slugs
  3 orcs
  4 ball pythons
  6 endoplasms
  3 giant cockroaches (D:1)
  4 goblins
  8 hobgoblins
  2 jackals (D:1)
  5 quokkas
  2 bats (D:1)
  A frilled lizard (D:1)
  3 rats
44 creatures vanquished.

Notes
Turn   | Place    | Note
-------+----------+-------------------------------------------
     0 | D:1      | KamiKatze the Octopode Conjurer began the quest for the
                  | Orb.
     0 | D:1      | Reached XP level 1. HP: 11/11 MP: 3/3
   231 | D:1      | Reached XP level 2. HP: 17/17 MP: 3/5
   234 | D:1      | Learned a level 2 spell: Searing Ray
   545 | D:1      | Reached skill level 1 in Translocations
   610 | D:1      | Reached XP level 3. HP: 21/21 MP: 6/6
   619 | D:1      | Reached skill level 1 in Hexes
   703 | D:1      | Found a faded altar of an unknown god.
   815 | D:2      | Noticed a scorpion
  1665 | D:3      | Reached XP level 4. HP: 27/27 MP: 4/7
  1672 | D:3      | Learned a level 4 spell: Fulminant Prism
  1782 | D:2      | Slain by a scorpion

Illustrated notes

Levels and vault maps discovered:
D:1:      evilmike_arrival_plus, layout_basic,
          shapermc_ecumenical_altar_starsandcircs
D:2:      layout_basic, basic_altar
D:3:      layout_loops_ring, mainiacjoe_overflow_brackets,
          mainiacjoe_overflow_large_starburst, minivault_26

Skill      XL: |  1  2  3 |
---------------+----------+-----
Translocations | 1 |  1.3
Stealth        | 3 |  3.0
Hexes          | 1 |  1.6
Dodging        | |  2.3
Spellcasting   | |  2.4
Conjurations   | |  4.3

Action                   |  1- 3 |  4- 6 || total
-------------------------+-------+-------++-------
Melee: Unarmed           |     2 |       ||     2
       Constrict         |     9 |     2 ||    11
       Tentacles         |     8 |     1 ||     9
       Dagger            |    16 |       ||    16
       Spear             |     8 |     9 ||    17
 Cast: Magic Dart        |    58 |    10 ||    68
       Searing Ray       |       |     1 ||     1
  Use: Potion            |       |     1 ||     1
 Stab: Sleeping          |     3 |     2 ||     5
Armor: Skin              |     3 |     1 ||     4
Dodge: Dodged            |     9 |     4 ||    13
